[Event "Titled Tuesday Blitz December 06 Late 2022"]
[White "Spyropoulos, Nikolaos"]
[Black "Yuan, Qingyu"]
[WhiteFideId "4298977"]
[BlackFideId "8609772"]
[WhiteElo "2554"]
[BlackElo "2714"]
[Result "0-1"]
[Round "04"]
[TimeControl "180+1"]
[Date "2022.12.07"]
[WhiteClock "0:00:01"]
[BlackClock "0:00:38"]

1. e4 e5 2. Nf3 Nc6 3. Bc4 Bc5 4. Nc3 Nf6 5. d3 a6 6. O-O h6 7. Ne2 O-O 8. c3 d5 9. exd5 Nxd5 10. Ng3 Re8 11. Re1 Nb6 12. Bb3 Be6 13. Bxe6 Rxe6 14. b4 Bf8 15. a3 Qd7 16. c4 Rd8 17. c5 Nd5 18. Bb2 Nf4 19. Nxe5 Nxe5 20. Rxe5 Qxd3 21. Qxd3 Rxd3 22. Rxe6 Nxe6 23. Kf1 Rb3 24. Ra2 a5 25. bxa5 Nxc5 26. Bd4 Na4 27. Rc2 c6 28. Be3 Bxa3 29. Ne4 Bb4 30. a6 bxa6 31. Rxc6 a5 32. Rc8+ Kh7 33. g3 Nc3 34. Nxc3 Rxc3 35. Ra8 Rc2 36. Kg2 h5 37. h3 f6 38. g4 Kg6 39. Rh8 hxg4 40. hxg4 Rc4 41. Ra8 Rxg4+ 42. Kf3 Rc4 43. Ra7 Rc3 44. Ke4 Rc2 45. Kd5 Be1 46. f4 Bf2 47. f5+ Kxf5 48. Bxf2 Rxf2 49. Rxg7 Rd2+ 50. Kc4 Re2 51. Rg2 Rxg2 0-1


[Site "https://www.chess.com"]

[Event "Titled Tuesday Blitz December 06 Late 2022"]
[White "Stoleriu, George"]
[Black "Drozdowski, Kacper"]
[WhiteFideId "1227505"]
[BlackFideId "1136720"]
[WhiteElo "2287"]
[BlackElo "2486"]
[Result "1/2-1/2"]
[Round "04"]
[TimeControl "180+1"]
[Date "2022.12.06"]
[WhiteClock "0:00:21"]
[BlackClock "0:00:07"]

1. e4 c5 2. Nc3 e6 3. f4 d5 4. Bb5+ Bd7 5. Bxd7+ Qxd7 6. d3 Nc6 7. Nf3 dxe4 8. dxe4 Qxd1+ 9. Nxd1 Nf6 10. Nf2 Be7 11. c3 O-O-O 12. Be3 Nd7 13. Ke2 Kc7 14. Rad1 Nb6 15. b3 a5 16. c4 a4 17. Nd3 Nd7 18. Rhf1 Ra8 19. Rd2 axb3 20. axb3 Ra3 21. Rb2 Rha8 22. e5 h6 23. Nd2 Ra2 24. Rfb1 b6 25. Ne4 f6 26. exf6 Nxf6 27. Nc3 Rxb2+ 28. Rxb2 Kb7 29. Nb5 Ne8 30. Rd2 Nc7 31. Nc3 Ra3 32. Nc1 Bf6 33. Ne4 Bd4 34. g4 Ne8 35. Ra2 Rxa2+ 36. Nxa2 Bxe3 37. Kxe3 Nd4 38. Nc1 Kc6 39. b4 Nc2+ 40. Kd2 Nxb4 41. Kc3 Nd6 42. Nxd6 Kxd6 43. Ne2 Nc6 44. Ng3 Nd4 45. Ne4+ Kc6 46. Kd3 b5 47. cxb5+ Kxb5 48. Nd6+ Kc6 49. Ne4 Kd5 50. Nc3+ Kd6 51. Ne4+ Kc6 52. Kc4 Ne2 53. f5 exf5 54. gxf5 Nd4 55. f6 gxf6 56. Nxf6 Nf5 57. Ng4 Kd6 58. Nf2 Ne3+ 59. Kd3 Nd5 60. Ng4 h5 61. Nf2 Nf6 62. Kc4 Kc6 63. Nd3 Nd7 64. Nf4 Ne5+ 65. Kc3 h4 66. Ng2 Nf3 67. Kd3 h3 68. Nf4 Ng5 69. Kc4 Kd6 70. Nd3 Ne4 71. Nf4 Nf2 72. Ne2 Ng4 73. Nf4 Nf2 74. Ne2 Kc6 75. Nf4 Kd6 1/2-1/2


[Site "https://www.chess.com"]

[Event "Titled Tuesday Blitz December 06 Late 2022"]
[White "Storey, Charles H"]
[Black "Koellner, Ruben Gideon"]
[WhiteFideId "406686"]
[BlackFideId "12993093"]
[WhiteElo "2427"]
[BlackElo "2666"]
[Result "0-1"]
[Round "04"]
[TimeControl "180+1"]
[Date "2022.12.07"]
[WhiteClock "0:00:06"]
[BlackClock "0:00:08"]

1. e4 d6 2. d4 Nf6 3. f3 e5 4. d5 Be7 5. Be3 O-O 6. Qd2 c6 7. c4 b5 8. b3 bxc4 9. bxc4 Ba6 10. Nh3 cxd5 11. cxd5 Bxf1 12. Rxf1 Nbd7 13. Nc3 Qa5 14. Ne2 Qa4 15. Kf2 Rfc8 16. Rfc1 Nb6 17. Bxb6 axb6 18. Rxc8+ Rxc8 19. Rc1 Rxc1 20. Nxc1 Nd7 21. Nb3 Nc5 22. Qc2 g6 23. Ng1 b5 24. Ne2 Bd8 25. Nc3 Qc4 26. Na1 Bb6 27. Kg3 f5 28. Kh3 Nd3 29. Ne2 Qxc2 30. Nxc2 fxe4 31. fxe4 Nf2+ 32. Kh4 Nxe4 33. Nb4 Bc5 34. Na6 Kf7 35. Nc1 Ke7 36. Nd3 Bd4 37. Nab4 Nf6 38. Nc6+ Kd7 39. Nxd4 exd4 40. Nb4 Kc7 41. Kg5 Ne4+ 42. Kh6 Nc5 43. Kxh7 d3 44. Nxd3 Nxd3 45. Kxg6 Nf4+ 46. Kf5 Nxg2 47. Ke4 Kb6 48. Kf3 Nh4+ 49. Kg4 Ng6 50. Kf5 Nh4+ 51. Kg4 Ng6 52. Kf5 Ne5 53. h4 Kc5 54. h5 Nf7 55. Kf6 Nh6 56. Kg6 Ng4 57. Kg5 Ne5 58. Kf6 Kxd5 59. Kf5 Nf7 60. Kf6 Nh6 61. Kg5 Ng8 62. Kg6 Ke6 63. Kg7 Nf6 64. h6 d5 65. Kg6 d4 0-1


[Site "https://www.chess.com"]

[Event "Titled Tuesday Blitz December 06 Late 2022"]
[White "Sukandar, Irine Kharisma"]
[Black "Korchmar, Vasiliy"]
[WhiteFideId "7101937"]
[BlackFideId "24131750"]
[WhiteElo "2527"]
[BlackElo "2681"]
[Result "1-0"]
[Round "04"]
[TimeControl "180+1"]
[Date "2022.12.07"]
[WhiteClock "0:00:45"]
[BlackClock "0:00:21"]

1. e4 c5 2. Nf3 d6 3. Bb5+ Nd7 4. c3 Nf6 5. Qe2 a6 6. Ba4 b5 7. Bb3 e6 8. d4 Bb7 9. e5 Nd5 10. a4 cxd4 11. axb5 dxc3 12. bxa6 cxb2 13. Bxb2 Bc6 14. O-O Qb6 15. Nbd2 Nf4 16. Qc4 dxe5 17. Nxe5 Nxe5 18. Bxe5 Nxg2 19. Ba4 Bc5 20. Rab1 Ne3 21. Rxb6 Nxc4 22. Bxc6+ Kf8 23. Nxc4 Bxb6 24. Bxa8 Ba7 25. Rb1 f6 26. Bd6+ Kf7 27. Rb7+ Kg6 28. Rxa7 Rc8 29. Bc7 1-0


[Site "https://www.chess.com"]

[Event "Titled Tuesday Blitz December 06 Late 2022"]
[White "Tanenbaum, Zachary"]
[Black "Manukyan, Sargis A."]
[WhiteFideId "2060850"]
[BlackFideId "13303970"]
[WhiteElo "2753"]
[BlackElo "2567"]
[Result "1-0"]
[Round "04"]
[TimeControl "180+1"]
[Date "2022.12.07"]
[WhiteClock "0:00:04"]
[BlackClock "0:00:03"]

1. e4 c5 2. Nf3 Nc6 3. Nc3 g6 4. d4 cxd4 5. Nxd4 Bg7 6. Be3 Nf6 7. Bc4 O-O 8. Bb3 a5 9. O-O a4 10. Nxa4 Nxe4 11. Nb5 Ra6 12. c4 Na5 13. Bc2 Nd6 14. Nxd6 Rxd6 15. Qe2 Rc6 16. Bd3 d5 17. cxd5 Qxd5 18. Nb6 Qe6 19. Nxc8 Rfxc8 20. Rad1 Nc4 21. Bxc4 Qxc4 22. Qxc4 Rxc4 23. b3 Rc2 24. Rd7 R2c7 25. Rfd1 h5 26. g3 Bf6 27. Bb6 Rc1 28. Rxc1 Rxc1+ 29. Kg2 Rc2 30. a4 Rb2 31. Rxb7 Rxb3 32. a5 Bd4 33. Rb8+ Kh7 34. Ba7 Rd3 35. Rd8 e5 36. Rd7 Ra3 37. Rxf7+ Kg8 38. Rd7 Rxa5 39. Bxd4 exd4 40. Rxd4 Kg7 41. Rd6 Ra3 42. f4 Rc3 43. Kh3 Rc2 44. Kh4 Rc5 45. h3 Ra5 46. g4 hxg4 47. hxg4 Rb5 48. Rd7+ Kg8 49. Ra7 Rc5 50. Kg3 Rc3+ 51. Kh4 Rc5 52. Re7 Rb5 53. Re5 Rb6 54. Kg5 Kf7 55. Ra5 Rb7 56. Kh6 Rc7 57. Ra6 Rc4 58. Ra7+ Ke6 59. Kxg6 Rxf4 60. g5 Rf1 61. Kg7 Rg1 62. g6 Rg4 63. Ra6+ Kf5 64. Kf7 Rb4 65. Ra7 Rb6 66. g7 Rf6+ 67. Kg8 Rg6 68. Rf7+ Kg5 69. Ra7 Kh6 70. Kh8 Rf6 71. g8=Q Rf7 72. Qxf7 1-0


[Site "https://www.chess.com"]

[Event "Titled Tuesday Blitz December 06 Late 2022"]
[White "Tang, Andrew"]
[Black "Kleiman, Jake"]
[WhiteFideId "2059630"]
[BlackFideId "2020041"]
[WhiteElo "2582"]
[BlackElo "2593"]
[Result "1-0"]
[Round "04"]
[TimeControl "180+1"]
[Date "2022.12.06"]
[WhiteClock "0:00:44"]
[BlackClock "0:00:03"]

1. d4 Nf6 2. c4 e6 3. Nc3 Bb4 4. Qc2 O-O 5. Nf3 d5 6. Bg5 h6 7. Bxf6 Qxf6 8. a3 Bxc3+ 9. Qxc3 c5 10. cxd5 exd5 11. Qxc5 Nc6 12. e3 Bg4 13. Be2 Rac8 14. Qxd5 Rfd8 15. Qe4 Bf5 16. Qf4 g5 17. Qg3 Na5 18. O-O Rc2 19. Bd1 Rxb2 20. h4 Bd3 21. Re1 Rb5 22. hxg5 hxg5 23. Ne5 Bf5 24. Rc1 Nb3 25. Rc7 Be6 26. Bg4 Bxg4 27. Nxg4 Qd6 28. Rc8 Qe7 29. Nh6+ Kf8 30. Rc7 Rd7 31. Rc3 Nxd4 32. Rc8+ Kg7 33. Qh3 Qe6 34. Ng4 1-0


[Site "https://www.chess.com"]

[Event "Titled Tuesday Blitz December 06 Late 2022"]
[White "Torres Dominguez, David"]
[Black "Romero Ruscalleda, Josep"]
[WhiteFideId "2220857"]
[BlackFideId "2231859"]
[WhiteElo "2037"]
[BlackElo "2183"]
[Result "0-1"]
[Round "04"]
[TimeControl "180+1"]
[Date "2022.12.07"]
[WhiteClock "0:00:12"]
[BlackClock "0:00:33"]

1. e4 g6 2. Nc3 Bg7 3. f4 d6 4. Nf3 c5 5. Be2 Nc6 6. O-O Nf6 7. d3 O-O 8. Qe1 Nd4 9. Bd1 Nxf3+ 10. Bxf3 Rb8 11. a4 b6 12. Bd2 a6 13. Qe2 b5 14. axb5 axb5 15. Nd1 Qb6 16. Ba5 Qb7 17. e5 Nd5 18. c4 bxc4 19. dxc4 Nxf4 20. Qd2 Qb3 21. Qxf4 Bxe5 22. Qd2 Qxc4 23. Bc3 Bf4 24. Qd5 Be6 25. Qxc4 Bxc4 26. Re1 e6 27. Ra4 d5 28. Ra5 Bd6 29. Be5 Bxe5 30. Rxe5 Rfc8 31. Kf2 Rb7 32. Ke1 Bd3 33. Be2 Bc2 34. Re3 Bxd1 35. Bxd1 Rxb2 36. Bf3 c4 37. Re2 c3 38. Ra1 Rb4 39. Rc1 d4 40. Be4 Rc5 41. Bc2 e5 42. Kf2 Kg7 43. g4 Kf6 44. Kf3 Ke6 45. Ke4 f5+ 46. gxf5+ gxf5+ 47. Kf3 Rb2 48. Bxf5+ Kxf5 49. Rxb2 cxb2 50. Rb1 Rc2 0-1


[Site "https://www.chess.com"]

[Event "Titled Tuesday Blitz December 06 Late 2022"]
[White "Urbina Perez, Juan Antonio"]
[Black "Baskakov, Egor"]
[WhiteFideId "2217368"]
[BlackFideId "24197866"]
[WhiteElo "2197"]
[BlackElo "2212"]
[Result "0-1"]
[Round "04"]
[TimeControl "180+1"]
[Date "2022.12.07"]
[WhiteClock "0:01:59"]
[BlackClock "0:02:38"]

1. d4 Nf6 2. Nf3 e6 3. c4 d5 4. g3 Be7 5. Bg2 O-O 6. Qc2 Ne4 7. O-O c6 8. Nbd2 f5 9. Ne5 Bd7 10. f3 Nxd2 11. Bxd2 Be8 12. Bc3 Nd7 13. Nxd7 Qxd7 14. b3 Bg6 15. Rad1 f4 16. Qc1 Bd6 17. gxf4 Bxf4 18. e3 Bd6 19. e4 Bf4 20. Qb2 Qe7 21. Be1 Qg5 22. Kh1 Qh5 23. h3 dxe4 24. fxe4 Qxd1 0-1


[Site "https://www.chess.com"]

[Event "Titled Tuesday Blitz December 06 Late 2022"]
[White "Ward, Ieuan C"]
[Black "Kaplan, Avi Harrison"]
[WhiteFideId "406627"]
[BlackFideId "30934559"]
[WhiteElo "2315"]
[BlackElo "1983"]
[Result "0-1"]
[Round "04"]
[TimeControl "180+1"]
[Date "2022.12.07"]
[WhiteClock "0:00:04"]
[BlackClock "0:00:08"]

1. d4 Nf6 2. c4 c5 3. d5 e6 4. Nc3 exd5 5. cxd5 d6 6. e4 g6 7. f4 Bg7 8. Bb5+ Nfd7 9. Nf3 O-O 10. O-O Nf6 11. a4 Bg4 12. Re1 a6 13. Bd3 Nbd7 14. Ra3 Qc7 15. Be3 c4 16. Bb1 Nc5 17. h3 Bxf3 18. Qxf3 Rfe8 19. Bxc5 Qxc5+ 20. Kh2 b5 21. axb5 axb5 22. Rxa8 Rxa8 23. e5 Nd7 24. exd6 Qxd6 25. Nxb5 Qb4 26. d6 Rd8 27. Nc3 Qxb2 28. Nd5 Nc5 29. Ne7+ Kf8 30. Qc6 Qd4 31. Nd5 Ne6 32. d7 Bf6 33. Qd6+ Kg7 34. f5 Nf8 35. fxg6 hxg6 36. Qxf6+ Qxf6 37. Nxf6 Kxf6 38. Rc1 Nxd7 39. Rxc4 Ne5 40. Rf4+ Kg7 41. Rf2 Rd1 42. Be4 Re1 43. Bf3 Nd3 44. Rd2 Ne5 45. Rf2 Ra1 46. Kg3 Nd3 47. Rd2 Ra3 48. Kh2 Nf4 49. Rf2 Ne6 50. Be4 Ra4 51. Bd5 Ng5 52. Bb3 Rb4 53. Bc2 Ne6 54. Bd3 f6 55. Bc2 g5 56. Bd3 Nf4 57. Bc2 Rb2 58. g3 Nd3 59. Rd2 Ne1 60. Rd7+ Kf8 61. Rd6 Rxc2+ 62. Kg1 Nf3+ 63. Kf1 Kg7 64. h4 gxh4 65. gxh4 Nxh4 0-1


[Site "https://www.chess.com"]

[Event "Titled Tuesday Blitz December 06 Late 2022"]
[White "Womacka, Mathias"]
[Black "Chigaev, Maksim"]
[WhiteFideId "4611390"]
[BlackFideId "4108116"]
[WhiteElo "2377"]
[BlackElo "2542"]
[Result "0-1"]
[Round "04"]
[TimeControl "180+1"]
[Date "2022.12.06"]
[WhiteClock "0:00:04"]
[BlackClock "0:00:23"]

1. e4 c5 2. Nf3 e6 3. d4 cxd4 4. Nxd4 Nf6 5. Nc3 Nc6 6. Nxc6 bxc6 7. e5 Nd5 8. Ne4 Bb7 9. c4 Nb4 10. Nd6+ Bxd6 11. exd6 Qa5 12. Bd2 Qe5+ 13. Be2 c5 14. O-O Qxd6 15. Bc3 Qxd1 16. Raxd1 Nxa2 17. Be5 Nb4 18. Bd6 Rc8 19. Ra1 a6 20. Ra5 f6 21. Rxc5 Rxc5 22. Bxc5 Nc6 23. b4 Kf7 24. Rd1 Nb8 25. Bd6 Nc6 26. Bc5 Bc8 27. f4 Re8 28. Bh5+ g6 29. Bf3 Ne7 30. g4 h6 31. Bd6 g5 32. fxg5 hxg5 33. b5 axb5 34. cxb5 Nd5 35. Bxd5 exd5 36. Rxd5 Re1+ 37. Kf2 Rb1 38. Bc7 Ke7 39. b6 Bb7 40. Rd2 Rb3 41. Re2+ Kf7 42. Ra2 Ke6 0-1


[Site "https://www.chess.com"]

[Event "Titled Tuesday Blitz December 06 Late 2022"]
[White "Xiong, Jeffery"]
[Black "Zhigalko, Sergei"]
[WhiteFideId "2047640"]
[BlackFideId "13502956"]
[WhiteElo "2726"]
[BlackElo "2662"]
[Result "1-0"]
[Round "04"]
[TimeControl "180+1"]
[Date "2022.12.06"]
[WhiteClock "0:00:12"]
[BlackClock "0:00:01"]

1. d4 Nf6 2. c4 e6 3. Nc3 Bb4 4. Nf3 b6 5. Qc2 Bb7 6. a3 Be4 7. Qb3 Bxc3+ 8. Qxc3 O-O 9. e3 d6 10. Be2 a5 11. b3 Nbd7 12. O-O Qb8 13. Bb2 Re8 14. Ne1 e5 15. f3 exd4 16. Qxd4 Bg6 17. e4 Nc5 18. Qc3 c6 19. Rd1 b5 20. cxb5 cxb5 21. Nd3 Ne6 22. Kh1 d5 23. e5 d4 24. Qd2 Nd5 25. Rc1 Ne3 26. Rfe1 Bxd3 27. Bxd3 Qxe5 28. Be4 Rad8 29. Qxe3 f5 30. Qd2 fxe4 31. Rxe4 Qd5 32. Rce1 Qxb3 33. Bxd4 Qc4 34. Qe3 Nc7 35. Bb6 Rxe4 36. Qxe4 Qxe4 37. fxe4 Rd7 38. Bxa5 Ne6 39. Kg1 Rd3 40. Bb4 Nd4 41. Rf1 Re3 42. Rf8# 1-0


[Site "https://www.chess.com"]

[Event "Titled Tuesday Blitz December 06 Late 2022"]
[White "monkins"]
[Black "Martin Carmona, Gaston Manuel"]
[BlackFideId "22284567"]
[WhiteElo "2236"]
[BlackElo "2235"]
[Result "0-1"]
[Round "04"]
[TimeControl "180+1"]
[Date "2022.12.07"]
[WhiteClock "0:00:01"]
[BlackClock "0:01:09"]

1. Nf3 Nf6 2. c4 c5 3. Nc3 Nc6 4. d4 cxd4 5. Nxd4 e6 6. Nxc6 bxc6 7. g3 d5 8. Bg2 Be7 9. O-O O-O 10. Qc2 Ba6 11. cxd5 cxd5 12. Rd1 Rc8 13. Qa4 Qb6 14. Be3 Qb7 15. Rab1 Rc4 16. Qc2 Rfc8 17. Qd2 Qc7 18. Rbc1 h6 19. Bf3 Bb4 20. a3 Ba5 21. b4 Bb6 22. Bxb6 axb6 23. Na2 Rc2 24. Rxc2 Qxc2 25. Kg2 Qxd2 26. Rxd2 Kf8 27. Rb2 Bb5 28. e3 Ke7 29. Bd1 e5 30. a4 Bc4 31. a5 bxa5 32. bxa5 Ra8 33. Rb7+ Ke6 34. Nb4 Rxa5 35. Nc6 Ra2 36. Nd8+ Kf5 37. Nxf7 Ne4 38. h3 Rxf2+ 39. Kg1 Rf1+ 40. Kg2 Rxd1 41. g4+ Ke6 42. Nd8+ Kd6 43. Rxg7 Rd2+ 44. Kg1 Ng5 45. Rg6+ Kc5 46. Rxh6 Nf3+ 47. Kh1 Rh2# 0-1


[Site "https://www.chess.com"]

[Event "Titled Tuesday Blitz December 06 Late 2022"]
[White "Abasov, Nijat"]
[Black "BlackChess17"]
[WhiteFideId "13402960"]
[WhiteElo "2546"]
[BlackElo "2825"]
[Result "1-0"]
[Round "05"]
[TimeControl "180+1"]
[Date "2022.12.06"]
[WhiteClock "0:01:06"]
[BlackClock "0:00:46"]

1. d4 Nf6 2. Nf3 e6 3. Bf4 Bd6 4. e3 b6 5. Bxd6 cxd6 6. c4 Bb7 7. Nc3 d5 8. Rc1 dxc4 9. Bxc4 O-O 10. O-O d6 11. a4 a6 12. Bd3 Nbd7 13. Nd2 Qe7 14. Qb3 Rac8 15. Ne2 e5 16. Qa3 Qe6 17. h3 h6 18. Bb1 a5 19. Ba2 Qe7 20. Ng3 g6 21. Nc4 Ne8 22. dxe5 Nxe5 23. Nxb6 Rxc1 24. Rxc1 Nf6 25. Rd1 Rd8 26. Nd5 Bxd5 27. Bxd5 Qc7 28. b4 Qc2 29. Bb3 Qc3 30. Bxf7+ 1-0


[Site "https://www.chess.com"]

[Event "Titled Tuesday Blitz December 06 Late 2022"]
[White "Adla, Diego"]
[Black "Bazeev, German"]
[WhiteFideId "100072"]
[BlackFideId "24119350"]
[WhiteElo "2377"]
[BlackElo "2501"]
[Result "0-1"]
[Round "05"]
[TimeControl "180+1"]
[Date "2022.12.07"]
[WhiteClock "0:00:01"]
[BlackClock "0:00:07"]

1. Nf3 d5 2. c4 c6 3. cxd5 cxd5 4. d4 Nf6 5. Nc3 Nc6 6. Bf4 a6 7. Rc1 e6 8. e3 Bd6 9. Bxd6 Qxd6 10. Bd3 O-O 11. O-O Bd7 12. h3 b5 13. Ne2 Rfc8 14. Nf4 Be8 15. Bb1 Na5 16. b3 h6 17. Ne5 Qa3 18. Rc2 Nd7 19. Nxd7 Bxd7 20. Qd3 f5 21. Rfc1 Qxc1+ 22. Rxc1 Rxc1+ 23. Kh2 Nc6 24. g4 Ne7 25. Qd2 Rac8 26. Bd3 R1c3 27. Kg3 a5 28. Qe2 b4 29. gxf5 exf5 30. Qd2 g5 31. Ne2 R3c7 32. f4 Kf7 33. h4 g4 34. h5 Ng8 35. Kh4 Ne7 36. Ng3 Rc1 37. Qe2 Rg1 38. Bb5 Be6 39. Qf2 Rcc1 40. Bf1 Rxg3 41. Kxg3 Ng8 42. Kh4 Nf6 43. Bg2 Rc3 44. Qd2 Bd7 45. Bf1 Ne4 46. Qd1 Rxe3 47. Qc1 Rc3 48. Qe1 Be6 49. Qd1 Kf6 50. Qe1 Bf7 51. Qd1 Be6 52. Qe1 Rc2 53. Be2 Nc3 0-1


[Site "https://www.chess.com"]

[Event "Titled Tuesday Blitz December 06 Late 2022"]
[White "Alexikov, Alexander"]
[Black "Phillips, Rene"]
[WhiteFideId "14103958"]
[BlackFideId "2056275"]
[WhiteElo "2222"]
[BlackElo "2139"]
[Result "1-0"]
[Round "05"]
[TimeControl "180+1"]
[Date "2022.12.07"]
[WhiteClock "0:01:40"]
[BlackClock "0:01:33"]

1. e4 Nc6 2. Nf3 d5 3. exd5 Qxd5 4. Nc3 Qa5 5. Bc4 Bg4 6. h3 Bxf3 7. Qxf3 Qe5+ 8. Be2 Nf6 9. O-O e6 10. Bb5 Bd6 11. Bxc6+ bxc6 12. Qxc6+ Ke7 13. g3 Bc5 14. Kg2 Rhd8 15. d3 Qd6 16. Qxd6+ Bxd6 17. Be3 c6 18. Ne4 Nxe4 19. dxe4 a6 20. Rad1 Be5 21. b3 Bd6 22. Rd3 a5 23. Rfd1 a4 24. Rxd6 Rxd6 25. Bc5 1-0


[Site "https://www.chess.com"]

[Event "Titled Tuesday Blitz December 06 Late 2022"]
[White "Ankerst, Mihael"]
[Black "Marcolino, Daniel Mattos"]
[WhiteFideId "14602369"]
[BlackFideId "2106841"]
[WhiteElo "2364"]
[BlackElo "2157"]
[Result "1-0"]
[Round "05"]
[TimeControl "180+1"]
[Date "2022.12.07"]
[WhiteClock "0:01:24"]
[BlackClock "0:01:36"]

1. e4 c6 2. d4 d5 3. e5 c5 4. dxc5 e6 5. Nf3 Bxc5 6. Bd3 Ne7 7. Bf4 Ng6 8. Bg3 Nc6 9. O-O O-O 10. Nc3 Qe8 11. Re1 f6 12. Nxd5 Bxf2+ 13. Bxf2 exd5 14. exf6 Qf7 15. fxg7 Kxg7 16. Bc5 Rd8 17. Qd2 Bf5 18. Ng5 Qd7 19. Bxf5 Qxf5 20. Ne6+ Kg8 21. Nxd8 Rxd8 22. Rf1 Qe6 23. Rae1 Nce5 24. Bd4 Qd6 25. Qh6 1-0


[Site "https://www.chess.com"]

[Event "Titled Tuesday Blitz December 06 Late 2022"]
[White "Ansh M Shah"]
[Black "Nepo"]
[WhiteFideId "25033379"]
[WhiteElo "2084"]
[BlackElo "2217"]
[Result "1-0"]
[Round "05"]
[TimeControl "180+1"]
[Date "2022.12.07"]
[WhiteClock "0:00:08"]
[BlackClock "0:00:08"]

1. d4 Nf6 2. c4 g6 3. h4 Bg7 4. Nc3 d5 5. h5 c6 6. h6 Bf8 7. cxd5 cxd5 8. Nf3 Nc6 9. Bf4 e6 10. e3 Bd6 11. Bg5 Be7 12. Bd3 Ng4 13. Bf4 Bd6 14. Bxd6 Qxd6 15. Ng5 f5 16. Qe2 a6 17. f4 Bd7 18. Nf3 Qe7 19. O-O-O Rc8 20. Kb1 Nb4 21. Ne5 Nxe5 22. dxe5 Nxd3 23. Qxd3 Kf7 24. g4 b5 25. gxf5 gxf5 26. Rhg1 Rcg8 27. Qe2 Rg6 28. Qh5 Rg8 29. Rg5 Kf8 30. Rdg1 Be8 31. Rxg6 Rxg6 32. Rxg6 Bxg6 33. Qe2 Qc5 34. Qd2 Bh5 35. a3 Bf3 36. Ka1 a5 37. Qf2 Bg4 38. Qh4 Qe7 39. Qxe7+ Kxe7 40. Nxb5 Kd7 41. Nd4 Bd1 42. b4 axb4 43. axb4 Bh5 44. Kb2 Bf7 45. Ka3 Kc7 46. Ka4 Kb6 47. b5 Be8 48. Kb4 Bd7 49. Kc3 Kc5 50. Kd2 Kb6 51. Ke2 Bxb5+ 52. Kf3 Bd7 53. Kg3 Kc7 54. Kh4 Kd8 55. Kg5 Ke7 56. Ne2 Be8 57. Ng3 Bg6 58. Nh1 Kd7 59. Nf2 Ke7 60. Nh3 Be8 61. Ng1 Bb5 62. Nf3 Be2 63. Nd4 Bc4 64. Nc2 Ba6 65. Nb4 Bb5 66. Na2 Bc4 67. Nc3 Kf7 68. Na4 Bb5 69. Nc5 Bc6 70. Na6 Bb7 71. Nb4 Ke7 72. Nd3 Ba6 73. Nc5 Bc4 74. Nb7 Bf1 75. Nd6 Be2 76. Nc8+ Kd7 77. Nb6+ Ke7 78. Na4 Bb5 79. Nc5 Bc4 80. Nb7 Ba2 81. Na5 Bb1 82. Nc6+ Kf7 83. Nd4 Be4 84. Nb5 Bd3 85. Nd6+ Ke7 86. Kh5 Be2+ 87. Kg5 Bd3 88. Kh4 Be2 89. Kg3 Bd3 90. Kf2 Be4 91. Ke2 Kd7 92. Kd2 Kc6 93. Kc3 Kc5 94. Ne8 Bf3 95. Ng7 d4+ 96. exd4+ Kd5 97. Kd3 Be4+ 98. Ke3 Bc2 99. Nh5 Ba4 100. Nf6+ Kc4 101. Nxh7 Be8 102. Nf8 Bg6 103. h7 1-0


[Site "https://www.chess.com"]

[Event "Titled Tuesday Blitz December 06 Late 2022"]
[White "Antonio, Jorge Carlos"]
[Black "Gasparyan, David"]
[WhiteFideId "113190"]
[BlackFideId "13311980"]
[WhiteElo "2247"]
[BlackElo "2379"]
[Result "0-1"]
[Round "05"]
[TimeControl "180+1"]
[Date "2022.12.07"]
[WhiteClock "0:00:33"]
[BlackClock "0:00:10"]

1. d4 Nf6 2. Nf3 d6 3. c4 Nbd7 4. Nc3 c5 5. Bg5 cxd4 6. Nxd4 g6 7. e3 Bg7 8. Be2 Qa5 9. O-O Qxg5 10. Ncb5 O-O 11. Nf3 Qc5 12. a3 a6 13. b4 Qb6 14. Nbd4 Qc7 15. Rc1 b6 16. Qb3 Bb7 17. Rfd1 Rac8 18. a4 Qb8 19. Ng5 h6 20. Ngf3 Qa8 21. Ne1 d5 22. cxd5 Bxd5 23. Qb2 Ne4 24. f3 Nd6 25. e4 Bc4 26. Bxc4 Rxc4 27. Rxc4 Nxc4 28. Qb3 Rc8 29. b5 axb5 30. axb5 Nde5 31. f4 Ng4 32. e5 Nge3 33. Nc6 Nxd1 34. Qxc4 Bf8 35. Nf3 Ne3 36. Qb3 Qa1+ 37. Kf2 Nd1+ 38. Kg3 Qc1 39. Nh4 Qe3+ 40. Qxe3 Nxe3 41. Nf3 Nc4 42. Nfd4 Na3 43. Kf3 Nxb5 44. Nxe7+ Bxe7 45. Nxb5 Rc5 46. Na7 b5 47. Ke4 b4 48. Kd4 b3 49. f5 gxf5 50. e6 fxe6 51. Nb5 Rxb5 52. Kc3 b2 0-1


[Site "https://www.chess.com"]

[Event "Titled Tuesday Blitz December 06 Late 2022"]
[White "Ardila, Oscar Humberto"]
[Black "Mladek, Richard"]
[WhiteFideId "4404742"]
[BlackFideId "386588"]
[WhiteElo "1961"]
[BlackElo "2271"]
[Result "0-1"]
[Round "05"]
[TimeControl "180+1"]
[Date "2022.12.07"]
[WhiteClock "0:00:10"]
[BlackClock "0:00:11"]

1. d4 b5 2. e4 Bb7 3. Bd3 c5 4. dxc5 e6 5. Be3 Nf6 6. f3 Na6 7. Nc3 b4 8. Bxa6 Bxa6 9. Nce2 Qc7 10. Qd4 e5 11. Qxb4 Rb8 12. Qc3 Be7 13. O-O-O O-O 14. g4 Rfc8 15. g5 Nh5 16. Ng3 Nf4 17. Nf5 Bxc5 18. Bxc5 Qxc5 19. Qxc5 Rxc5 20. Rxd7 Nd3+ 21. Rxd3 Bxd3 22. c3 g6 23. Ne3 a5 24. Nh3 a4 25. Nf2 Bc4 26. a3 Be6 27. Rd1 Rcb5 28. Rd2 Kg7 29. Nd5 Rd8 30. Nb4 Rc8 31. Nfd3 h6 32. gxh6+ Kxh6 33. f4 exf4 34. Nxf4 Bb3 35. h4 Re5 36. Rd4 f5 37. exf5 Rxf5 38. Nbd3 Re8 39. Kd2 Rf6 40. Rd7 Ref8 41. Ke3 Bc4 42. Rc7 Bxd3 43. Nxd3 Rf3+ 44. Kd4 Rd8+ 45. Ke4 Rdxd3 46. Ra7 Rh3 47. c4 Rde3+ 48. Kd5 Rb3 49. c5 Rxh4 50. c6 Rxb2 51. c7 Rc2 52. Kd6 Rhc4 53. Kd7 g5 54. Ra6+ Kh5 55. Kd6 g4 56. Ra5+ Kh4 57. Ra8 Rxc7 58. Rxa4 R7c4 59. Ra8 g3 60. Rh8+ Kg4 61. Kd5 Rf4 62. Ke5 Kf3 63. Rg8 Re2+ 64. Kd5 g2 65. a4 Rxa4 66. Rf8+ Rf4 67. Rg8 Kf2 0-1


[Site "https://www.chess.com"]

[Event "Titled Tuesday Blitz December 06 Late 2022"]
[White "Aung Thant Zin"]
[Black "Seletsky, Grigory"]
[WhiteFideId "13000063"]
[BlackFideId "14112191"]
[WhiteElo "2278"]
[BlackElo "2492"]
[Result "1-0"]
[Round "05"]
[TimeControl "180+1"]
[Date "2022.12.07"]
[WhiteClock "0:00:04"]
[BlackClock "0:00:01"]

1. e4 c5 2. Nf3 e6 3. d4 cxd4 4. Nxd4 Nf6 5. Nc3 d6 6. Be2 a6 7. g4 h6 8. Rg1 Nbd7 9. h4 g6 10. Be3 h5 11. g5 Ng8 12. Qd2 Qc7 13. O-O-O b5 14. Kb1 Bb7 15. f3 Ne5 16. f4 Nc4 17. Bxc4 Qxc4 18. Qd3 Rc8 19. f5 Qxd3 20. cxd3 e5 21. Nb3 gxf5 22. exf5 Ne7 23. Rgf1 Nd5 24. Bd2 Nxc3+ 25. Bxc3 Rg8 26. d4 Be4+ 27. Ka1 exd4 28. Rxd4 d5 29. Re1 Rc4 30. Rxd5 f6 31. Nd2 Kf7 32. Rd7+ Ke8 33. Rd4 Rxd4 34. Bxd4 Kd7 35. Rxe4 fxg5 36. hxg5 Rxg5 37. f6 Rf5 38. a3 Bh6 39. Nb3 Bg5 40. Re7+ Kd6 41. Ka2 Bxf6 42. Rh7 Bxd4 43. Nxd4 Rd5 44. Nf3 a5 45. Rh6+ Ke7 46. Ra6 a4 47. Rh6 Kf7 48. Nh4 Kg7 49. Rg6+ Kf7 50. Rb6 Kg7 51. Kb1 Kf7 52. Kc2 Kg7 53. Kc3 Rc5+ 54. Kd3 Rc4 55. Nf5+ Kg8 56. Rxb5 Rf4 57. Ne3 h4 58. Rh5 Kg7 59. Nf5+ Kg6 60. Rxh4 Rxf5 61. Rxa4 1-0


[Site "https://www.chess.com"]

[Event "Titled Tuesday Blitz December 06 Late 2022"]
[White "Baches Garcia, Guillermo"]
[Black "Radovanovic, Dusan"]
[WhiteFideId "2209764"]
[BlackFideId "926868"]
[WhiteElo "2462"]
[BlackElo "2337"]
[Result "0-1"]
[Round "05"]
[TimeControl "180+1"]
[Date "2022.12.07"]
[WhiteClock "0:00:46"]
[BlackClock "0:00:45"]

1. e4 c5 2. Nf3 d6 3. d4 cxd4 4. Nxd4 Nf6 5. Nc3 g6 6. g3 Nc6 7. Nde2 h5 8. h3 Bd7 9. Bg2 Qc8 10. Nd5 Nxd5 11. exd5 Ne5 12. b3 Bg7 13. Rb1 Bf5 14. Nd4 Nd3+ 15. cxd3 Bxd4 16. Be3 Qc5 17. Ke2 O-O 18. Qc1 Qb6 19. Qc4 Bxe3 20. fxe3 Rac8 21. Qf4 Rc2+ 22. Kf3 Bxd3 23. g4 h4 24. Bf1 Qb5 25. Qd4 Bxf1 26. Rhxf1 Qe2+ 0-1


[Site "https://www.chess.com"]